 Dungeon Sprint DCSS version 0.29-a0-409-gd843f3a48c (webtiles) character file.

Game seed: 6366935475011311039

4672 mhtbhm the Bludgeoner (level 10, 0/73 HPs)
             Began as a Gargoyle Berserker on May 14, 2022.
             Was a High Priest of Trog.
             Slain by an unseen horror (3 damage)
             ... in the Dungeon (Sprint I: "Red Sonja").
             The game lasted 00:03:13 (2709 turns).

mhtbhm the Bludgeoner (Gargoyle Berserker)          Turns: 2709, Time: 00:03:14

Health: 0/73       AC: 14    Str: 25    XL:     10   Next: 44%
Magic:  10/10      EV: 13    Int:  8    God:    Trog [*****.]
Gold:   1063       SH:  0    Dex:  9    Spells: 9/9 levels left

rFire   . . .      SeeInvis .   a - +1 great mace
rCold   . . .      Faith    .   (shield currently unavailable)
rNeg    + . .      Spirit   .   b - +0 ring mail
rPois   ∞          Reflect  .   (no helmet)
rElec   +          Harm     .   (no cloak)
rCorr   .          Rampage  .   (no gloves)
Will    .....      NoTele   +   (no boots)
Stlth   ++........              (no amulet)
HPRegen 0.22/turn               (no ring)
MPRegen 0.12/turn               (no ring)

@: no status effects
A: sickness immunity, AC +7, negative energy resistance 1, electricity
resistance, torment resistance 1, petrification resistance
a: Renounce Religion, Berserk, Trog's Hand, Brothers in Arms


You were in the Dungeon.
You worshipped Trog.
Trog was extremely pleased with you.
You visited 1 branch You collected 1063 gold pieces.

Inventory:

Hand Weapons
 a - a +1 great mace (weapon)
Missiles
 i - 6 poisoned darts
 k - 3 curare-tipped darts (quivered)
Armour
 b - a +0 ring mail (worn)
Wands
 d - a wand of acid (8)
Scrolls
 h - a scroll of blinking
 l - 3 scrolls of identify {unknown}
 m - a scroll of acquirement {unknown}
Potions
 c - 2 potions of curing
 e - 2 potions of haste
 f - 3 potions of magic
 g - a potion of berserk rage
 j - 2 potions of attraction {unknown}
 n - a potion of invisibility {unknown}


   Skills:
 + Level 13.5 Fighting
 + Level 15.0 Maces & Flails
 + Level 2.1 Throwing
 + Level 12.1 Armour
 + Level 7.5 Dodging
 + Level 4.4 Stealth
 + Level 3.6 Evocations


You had 9 spell levels left.
You didn't know any spells.
Your spell library was empty.

Dungeon Overview and Level Annotations

Branches:
Dungeon (1/1)

Altars:
Cheibriados
Dithmenos
Elyvilon
Fedhas
Gozag
Hepliaklqana
Kikubaaqudgha
Makhleb
Nemelex Xobeh
Okawaru
Qazlal
Ru
Sif Muna
Trog
Uskayaw
Vehumet
Wu Jian
Xom
Yredelemnul
Zin
The Shining One
Jiyva
Lugonu

Shops:
D ?([


Innate Abilities, Weirdness & Mutations

You are immune to sickness and miasma.
Your stone body is resilient. (AC +7)
You are immune to poison.
You resist negative energy. (rN+)
You are resistant to electric shocks. (rElec)
You are resistant to unholy torment.
You are immune to petrification.


Message History

There is an open door here.
You hit something but do no damage. Something completely misses you.
You swing at nothing.
Something hits you but does no damage.
You closely miss something. Something hits you.
You miss something. Something hits you but does no damage.
You swing at nothing.
Something hits you.
You barely miss something. Something hits you but does no damage.
You swing at nothing.
Something hits you but does no damage.
You swing at nothing.
Something hits you!
You swing at nothing.
Something hits you. Something hits you but does no damage.
You barely miss something. Something hits you but does no damage.
You swing at nothing.
Something hits you.
You swing at nothing.
Something barely misses you. x2
You miss something. Something barely misses you.
You closely miss something.
Something hits you but does no damage. x2
You bludgeon something!! Something hits you but does no damage.
You thump something! Something hits you but does no damage. Something hits you.
Something hits you but does no damage.
You hit something. Something hits you but does no damage.
You swing at nothing.
You miss something. Something hits you but does no damage.
You swing at nothing.
Something hits you but does no damage.
You miss something. Something hits you.
You swing at nothing.
Something completely misses you.
You miss something. Something hits you but does no damage.
You swing at nothing.
Something hits you but does no damage.
You swing at nothing.
Something hits you but does no damage.
You swing at nothing.
Something hits you but does no damage.
You swing at nothing.
Something hits you! Something hits you.
You closely miss something. Something hits you!
* * * LOW HITPOINT WARNING * * *
You barely miss something. Something hits you.
* * * LOW HITPOINT WARNING * * *
Something hits you but does no damage. Something hits you.
* * * LOW HITPOINT WARNING * * *
You completely miss something. Something barely misses you. Something hits you.
* * * LOW HITPOINT WARNING * * *
You miss something. Something hits you but does no damage. Something hits you.
You die...

_##'#_.'§§§§.'.§#
..'..._#≈≈≈§§#..#
_##_.#'##+#####'###
_###)#.#)...###)'.#
####.####'###.###.#
..'...'.....'.∩##.#
###...###########§#
###.###.......##§#
#.#'#.#.......{@§#
#.....#+++######§#
#.....# JJ.§§§#§#
####### #'§# ####


There were no monsters in sight!

Vanquished Creatures
  2 centaur warriors (D)
  Sonja (D)
  A deep troll (D)
  An oklob plant (D)
  An unseen horror (D)
  2 kobold demonologists (D)
  A hornet (D)
  A slime creature (D)
  Sigmund (D)
  A yak (D)
  2 redbacks (D)
  2 floating eyes (D)
  An ogre (D)
  A jelly (D)
  Ijyb (D)
19 creatures vanquished.

Vanquished Creatures (others)
  2 ballistomycete spores (D)
2 creatures vanquished.

Grand Total: 21 creatures vanquished

Notes
Turn   | Place    | Note
-------+----------+-------------------------------------------
     0 | D        | mhtbhm the Gargoyle Berserker began the quest for the Orb.
     0 | D        | Reached XP level 1. HP: 14/14 MP: 1/1
     1 | D        | Noticed Ijyb
     7 | D        | Killed Ijyb
     8 | D        | Reached skill level 5 in Fighting
     8 | D        | Reached skill level 4 in Maces & Flails
     8 | D        | Reached XP level 2. HP: 21/21 MP: 2/2
     8 | D        | Reached XP level 3. HP: 26/26 MP: 3/3
    69 | D        | Noticed an ogre
    76 | D        | Killed an ogre
    77 | D        | Reached skill level 6 in Maces & Flails
    77 | D        | Reached XP level 4. HP: 32/32 MP: 4/4
   181 | D        | Noticed Sigmund
   190 | D        | Killed Sigmund
   190 | D        | Reached ** piety under Trog
   191 | D        | Reached skill level 8 in Maces & Flails
   191 | D        | Reached XP level 5. HP: 17/40 MP: 5/5
   191 | D        | Reached XP level 6. HP: 19/45 MP: 6/6
   408 | D        | Found an ornate altar of the Wu Jian Council.
   408 | D        | Found a shimmering blue altar of Sif Muna.
   410 | D        | Found a radiant altar of Vehumet.
   554 | D        | Found Enerexisu's Antique Weapon Emporium.
   554 | D        | Found an ancient bone altar of Kikubaaqudgha.
   554 | D        | Found a hazy altar of Hepliaklqana.
   554 | D        | Found a stormy altar of Qazlal.
   554 | D        | Found a hide-covered altar of Uskayaw.
   554 | D        | Found a blossoming altar of Fedhas.
   554 | D        | Found a bloodstained altar of Trog.
   554 | D        | Found an iron altar of Okawaru.
   554 | D        | Found a basalt altar of Yredelemnul.
   554 | D        | Found a glowing golden altar of the Shining One.
   554 | D        | Found a snail-covered altar of Cheibriados.
   554 | D        | Found a sacrificial altar of Ru.
   554 | D        | Found a glowing silver altar of Zin.
   554 | D        | Found a shadowy altar of Dithmenos.
   554 | D        | Found a white marble altar of Elyvilon.
   554 | D        | Noticed a yak
   565 | D        | Killed a yak
   566 | D        | Reached skill level 10 in Maces & Flails
   566 | D        | Reached skill level 5 in Armour
   566 | D        | Reached XP level 7. HP: 18/52 MP: 7/7
   566 | D        | Found an opulent altar of Gozag.
   567 | D        | Found a sparkling altar of Nemelex Xobeh.
   765 | D        | Noticed Sonja
   771 | D        | Killed Sonja
   771 | D        | Reached *** piety under Trog
   772 | D        | Reached skill level 11 in Maces & Flails
   772 | D        | Reached skill level 5 in Dodging
   772 | D        | Reached skill level 1 in Stealth
   772 | D        | Reached XP level 8. HP: 25/60 MP: 8/8
   952 | D        | Found Ydwiown's Magic Scroll Boutique.
  1148 | D        | Noticed a deep troll
  1162 | D        | Killed a deep troll
  1163 | D        | Reached skill level 12 in Maces & Flails
  1163 | D        | Reached skill level 1 in Evocations
  1177 | D        | Found Fonet's Armour Emporium.
  1388 | D        | Found a burning altar of Makhleb.
  1388 | D        | Found a viscous altar of Jiyva.
  1388 | D        | Found a shimmering altar of Xom.
  1388 | D        | Found a corrupted altar of Lugonu.
  1388 | D        | Noticed a slime creature
  1400 | D        | HP: 2/60 [slime creature (11)]
  1405 | D        | Killed a slime creature
  1406 | D        | Reached skill level 13 in Maces & Flails
  1406 | D        | Reached XP level 9. HP: 3/65 MP: 9/9
  1718 | D        | Noticed a kobold demonologist
  1718 | D        | Noticed a kobold demonologist
  1722 | D        | Noticed a hellwing
  1730 | D        | Noticed a sixfirhy
  1730 | D        | Killed a kobold demonologist
  1730 | D        | Reached **** piety under Trog
  1731 | D        | Reached skill level 1 in Throwing
  1734 | D        | Killed a kobold demonologist
  1892 | D        | Noticed a centaur warrior
  1892 | D        | Noticed a centaur warrior
  1904 | D        | Killed a centaur warrior
  1904 | D        | Reached ***** piety under Trog
  1905 | D        | Reached skill level 14 in Maces & Flails
  1905 | D        | Reached skill level 10 in Armour
  1907 | D        | Killed a centaur warrior
  1908 | D        | Reached XP level 10. HP: 13/73 MP: 10/10
  2252 | D        | Noticed an oklob plant
  2261 | D        | Killed an oklob plant
  2261 | D        | Received a gift from Trog
  2440 | D        | Killed an unseen horror
  2441 | D        | Reached skill level 15 in Maces & Flails
  2707 | D        | HP: 3/73 [something (6)]
  2709 | D        | Slain by an unseen horror

Illustrated notes

Levels and vault maps discovered:
D:        dungeon_sprint_1 [red_sonja_temple_1, red_sonja_temple_small_1]

Skill      XL: |  1  2  3  4  5  6  7  8  9 10 |
---------------+-------------------------------+-----
Fighting       | 5 6 8 9 11 13 | 13.5
Maces & Flails | 4 6 8 10 11 13 14 15 | 15.0
Dodging        | 2 3 4 5 6 7 |  7.5
Armour         | 3 4 5 7 8 11 12 | 12.1
Stealth        | 1 2 3 4 |  4.4
Evocations     | 1 3 |  3.6
Throwing       | 1 2 |  2.1

Action                   |  1- 3 |  4- 6 |  7- 9 | 10-12 || total
-------------------------+-------+-------+-------+-------++-------
Melee: Mace              |    11 |    20 |    44 |    12 ||    87
       Punch             |       |       |     1 |       ||     1
       Great mace        |       |       |       |    32 ||    32
Throw: Dart              |       |       |     3 |       ||     3
Invok: Berserk           |     2 |     1 |     5 |     2 ||    10
Evoke: Wand              |       |       |     7 |       ||     7
  Use: Potion            |       |       |     2 |       ||     2
Armor: Leather armour    |     1 |     2 |       |       ||     3
       Ring mail         |       |       |    25 |    39 ||    64
Dodge: Dodged            |     3 |     6 |    26 |    10 ||    45

Table legend: (Time is in decaauts)
 A = Elapsed time spent in this place.
 B = Non-inter-level travel time spent in this place.
 C = Inter-level travel time spent in this place.
 D = Time resting spent in this place.
 E = Time spent auto-exploring this place.
 F = Levels seen in this place.
 G = Mean time per level.
                   A        B        C        D        E       F      G
               +--------+--------+--------+--------+--------+-----+--------+
         Total |   2790 |   2790 |      0 |   2261 |      1 |   1 | 2790.0 |
       Dungeon |   2790 |   2790 |      0 |   2261 |      1 |   1 | 2790.0 |
               +--------+--------+--------+--------+--------+-----+--------+

Top non-repeatable levels by time:
       D: 2790 daAuts
